 Dungeon Crawl Stone Soup version 0.28-a0-863-g8cecda6153 (webtiles) character file.

Game seed: 5539001272269791440

63 ytrimaz the Skirmisher (level 3, -1/30 HPs)
             Began as a Demonspawn Abyssal Knight on Nov 17, 2021.
             Was a Follower of Lugonu.
             Slain by a water moccasin zombie (5 damage)
             ... on level 3 of the Dungeon.
             The game lasted 00:02:24 (1769 turns).

ytrimaz the Skirmisher (Demonspawn Abyssal Knight)  Turns: 1769, Time: 00:02:24

Health: -1/30      AC:  3    Str: 14    XL:     3   Next: 89%
Magic:  5/5        EV: 11    Int: 11    God:    Lugonu [*.....]
Gold:   140        SH:  0    Dex: 13    Spells: 2/2 levels left

rFire   . . .      SeeInvis .   (no weapon)
rCold   . . .      Faith    .   (no shield)
rNeg    . . .      Spirit   .   b - +0 leather armour
rPois   .          Reflect  .   (no helmet)
rElec   .          Harm     .   (no cloak)
rCorr   .          Rampage  .   (no gloves)
Will    .....                   (no boots)
Stlth   +.........              (no amulet)
HPRegen 0.10/turn               (no ring)
MPRegen 0.09/turn               (no ring)

@: no status effects
A: claws 1, spiny 1
a: Renounce Religion, Depart the Abyss


You were on level 3 of the Dungeon.
You worshipped Lugonu.
Lugonu was aware of your devotion.
You visited 1 branch of the dungeon, and saw 3 of its levels.
You visited the Abyss 1 time.

You collected 140 gold pieces.

Inventory:

Armour
 b - a +0 leather armour (worn)
Scrolls
 f - 2 scrolls of holy word
Potions
 e - a potion of mutation {unknown}
 g - a potion of degeneration {unknown}
 h - a potion of curing


   Skills:
 + Level 4.0 Fighting
 - Level 2.0 Long Blades
 + Level 2.2 Armour
 - Level 1.0 Dodging
 * Level 0.8 Unarmed Combat
 * Level 2.8 Invocations


You had 2 spell levels left.
You didn't know any spells.
Your spell library contained the following spells:

 Spells                   Type           Power      Damage    Failure   Level
 Frozen Ramparts          Ice            0%         1d2       78%         3
 Ice Form                 Ice/Tmut       0%         N/A       99%         4
 Summon Ice Beast         Ice/Summ       0%         N/A       99%         4


Dungeon Overview and Level Annotations

Branches:
Dungeon (3/15)

Altars:

Shops:
D:1 [


Innate Abilities, Weirdness & Mutations

You have sharp fingernails.
You are partially covered in sharp spines.


Message History

You scratch the water moccasin zombie.
The water moccasin zombie is heavily damaged.
The water moccasin zombie is struck by your spines.
The water moccasin zombie bites you but does no damage.
You closely miss the water moccasin zombie.
The water moccasin zombie is heavily damaged.
The water moccasin zombie is struck by your spines.
The water moccasin zombie closely misses you.
The rat misses you.
You barely miss the water moccasin zombie.
The water moccasin zombie is severely damaged.
The water moccasin zombie is struck by your spines.
The water moccasin zombie closely misses you.
The rat bites you but does no damage.
You barely miss the water moccasin zombie.
The water moccasin zombie is severely damaged.
The water moccasin zombie is struck by your spines.
The water moccasin zombie misses you. The water moccasin zombie bites you.
The rat bites you.
You scratch the water moccasin zombie.
The water moccasin zombie is almost destroyed.
The water moccasin zombie bites you. The rat is struck by your spines.
The rat barely misses you.
You barely miss the water moccasin zombie.
The water moccasin zombie is almost destroyed.
The water moccasin zombie bites you.
* * * LOW HITPOINT WARNING * * *
The rat is struck by your spines. The rat bites you but does no damage.
You scratch the water moccasin zombie.
The water moccasin zombie is almost destroyed.
The water moccasin zombie is struck by your spines.
The water moccasin zombie bites you.
* * * LOW HITPOINT WARNING * * *
The rat is struck by your spines.
You kill the rat!
Lugonu accepts your kill.
You closely miss the water moccasin zombie.
The water moccasin zombie is almost destroyed.
The water moccasin zombie bites you.
You die...

######### #.......#
#.......## #........#
#...Z...# +...@...+
#..†....# #### ###
#.......# #.. ...
#.......# #.######..
..........####.#....#..
.!................#....
................#..#....
......####......#..#...<
..... #....|.#..#...#


You could see a water moccasin zombie.

Vanquished Creatures
  An adder (D:2)
  2 worms (D:2)
  2 dart slugs (D:2)
  4 bats
  3 endoplasms
  4 giant cockroaches
  5 hobgoblins
  6 kobolds
  A quokka (D:1)
  3 ball pythons (D:1)
  3 frilled lizards
  3 goblins
  3 rats
40 creatures vanquished.

Notes
Turn   | Place    | Note
-------+----------+-------------------------------------------
     0 | Abyss:1  | ytrimaz the Demonspawn Abyssal Knight began the quest for
                  | the Orb.
     0 | Abyss:1  | Reached XP level 1. HP: 18/18 MP: 2/2
    41 | Abyss:1  | Noticed a raiju
    41 | Abyss:1  | Noticed a quasit
    42 | D:1      | Escaped the Abyss
    84 | D:1      | Found Taomoask's Antique Armour Shop.
   189 | D:1      | Gained mutation: You are partially covered in sharp spines.
                  | [demonic ancestry]
   189 | D:1      | Reached XP level 2. HP: 24/24 MP: 3/3
   211 | D:1      | Reached skill level 1 in Dodging
   220 | D:1      | Reached * piety under Lugonu
   692 | D:2      | Discovered your monstrous ancestry.
   692 | D:2      | Gained mutation: You have sharp fingernails. [demonic
                  | ancestry]
   692 | D:2      | Reached XP level 3. HP: 30/30 MP: 4/4
   937 | D:2      | HP: 1/30 [worm (6)]
  1495 | D:2      | Reached skill level 4 in Fighting
  1769 | D:3      | Slain by a water moccasin zombie

Illustrated notes

Levels and vault maps discovered:
D:1:      minmay_arrival_up_and_down, layout_rooms, serial_shops,
          nicolae_shop_hallway_stairs, minmay_misc_feat_tower
D:2:      layout_rooms, feat_on_display
D:3:      layout_basic, shapermc_ecumenical_altar_mp_ritualfount, serial_shops,
          nicolae_shop_waterfront

Skill      XL: |  1  2  3 |
---------------+----------+-----
Dodging        | 1 |  1.0
Armour         | 2 |  2.2
Long Blades    | 2 |  2.0
Fighting       | 4 |  4.0
Unarmed Combat | |  0.8
Invocations    | |  2.8

Action                   || total
-------------------------++-------
Melee: Falchion          ||    28
       Unarmed           ||    68
Invok: Depart the Abyss  ||     1
  Use: Scroll            ||     5
       Potion            ||     2
Armor: Leather armour    ||    23
Dodge: Dodged            ||    52

Table legend: (Time is in decaauts)
 A = Elapsed time spent in this place.
 B = Non-inter-level travel time spent in this place.
 C = Inter-level travel time spent in this place.
 D = Time resting spent in this place.
 E = Time spent auto-exploring this place.
 F = Levels seen in this place.
 G = Mean time per level.
                   A        B        C        D        E       F      G
               +--------+--------+--------+--------+--------+-----+--------+
         Total |   1773 |   1722 |     51 |    431 |    971 |   4 |  443.2 |
       Dungeon |   1731 |   1680 |     51 |    431 |    942 |   3 |  577.0 |
         Abyss |     42 |     42 |      0 |      0 |     29 |   1 |   42.0 |
               +--------+--------+--------+--------+--------+-----+--------+

Top non-repeatable levels by time:
     D:2: 1271 daAuts
     D:1: 419 daAuts
 Abyss:1: 42 daAuts
     D:3: 40 daAuts
